 Dungeon Sprint DCSS version 0.30-a0-622-gddc90eaa04 (webtiles) character file.

Game seed: 11559066029001064857

1894 NinjaNoafa the Thaumaturge (level 9, -9/76 HPs)
             Began as a Djinni Necromancer on Jan 10, 2023.
             Was the Champion of Makhleb.
             Mangled by a demonic crawler (10 damage)
             ... in the Dungeon (Sprint VII: "The Pits").
             The game lasted 00:05:59 (1138 turns).

NinjaNoafa the Thaumaturge (Djinni Necromancer)     Turns: 1138, Time: 00:05:59

Health: -9/76      AC:  4    Str: 10    XL:     9   Next: 37%
Gold:   0          EV: 18    Int: 21    God:    Makhleb [******] SH:  0 Dex: 14

rFire   + + .      SeeInvis .    r - +0 lajatang
rCold   x . .      Faith    .    (shield currently unavailable)
rNeg    . . .      Spirit   .    a - +0 robe
rPois   ∞          Reflect  .    p - +0 helmet
rElec   .          Harm     .    q - +0 cloak
rCorr   .          Rampage  .    (no gloves)
Will    .....      NoTele   +    (boots unavailable)
Stlth   ++                       (no amulet)
HPRegen 0.32/turn                n - +3 ring of strength
MPRegen 0.00/turn                o - +3 ring of evasion

@: animating dead, flying
A: sickness immunity, fire resistance 2, cold vulnerability 1, float, innate
caster, HP casting, extra vitality 1
a: Renounce Religion, Minor Destruction, Lesser Servant of Makhleb, Major
Destruction, Greater Servant of Makhleb


You were in the Dungeon.
You worshipped Makhleb.
Makhleb was exalted by your worship.
You visited 1 branch

Inventory:

Hand Weapons
 r - a +0 lajatang (weapon)
Missiles
 d - 3 boomerangs
Armour
 a - a +0 robe (worn)
 p - a +0 helmet (worn)
 q - a +0 cloak (worn)
Jewellery
 n - a +3 ring of strength (left hand)
 o - a +3 ring of evasion (right hand)
Wands
 m - a wand of flame (9)
Scrolls
 g - a scroll of blinking
 i - a scroll of butterflies
 j - 2 scrolls of vulnerability
Potions
 b - 5 potions of magic
 c - 9 potions of curing
 e - a potion of haste
 f - 2 potions of berserk rage
 h - 2 potions of invisibility
 k - 3 potions of heal wounds
 l - 3 potions of mutation


   Skills:
 + Level 11.0 Fighting
 + Level 7.8 Dodging
 - Level 1.5 Stealth
 + Level 11.3 Spellcasting
 + Level 6.7 Invocations


You had 9 spell levels left.
You knew the following spells:

 Your Spells              Type           Power      Damage    Failure   Level
a - Necrotise             Necr           100%       1d9       1%          1
b - Vampiric Draining     Necr           56%        2d10      1%          3
c - Animate Dead          Necr           56%        N/A       1%          4
d - Agony                 Necr           56%        N/A       1%          5
e - Freeze                Ice            100%       1d10      1%          1
f - Passwall              Tmut/Erth      46%        N/A       1%          2
g - Blink                 Tloc           100%       N/A       1%          2
h - Ozocubu's Armour      Ice            56%        N/A       1%          3
Your spell library was empty.

Dungeon Overview and Level Annotations

Branches:
Dungeon (1/1)

Altars:
Ashenzari
Cheibriados
Dithmenos
Elyvilon
Fedhas
Gozag
Hepliaklqana
Makhleb
Nemelex Xobeh
Okawaru
Qazlal
Ru
Trog
Uskayaw
Wu Jian
Xom
Yredelemnul
Zin
The Shining One
Jiyva
Lugonu


Innate Abilities, Weirdness & Mutations

You are immune to sickness and miasma.
You are immune to poison.
Your flesh is very heat resistant. (rF++)
You are vulnerable to cold. (rC-)
You float through the air rather than walking.
You learn spells naturally, not from books.
Your magical power is your life essence.
You have superior vitality. (+4 MHP)


Message History

Okay, then.
Aiming: Major Destruction (10% risk of failure)
Press: ? - help, Shift-Dir - straight line, f - demonic crawler
Aim: a demonic crawler (ally target)
You fail to use your ability.
Your jackal zombie closely misses the snapping turtle.
The demonic crawler barely misses you. The demonic crawler misses you. x2
Your ynoxinul hits the snapping turtle but does no damage.
Your jackal zombie bites the snapping turtle but does no damage.
Your ufetubus hits the snapping turtle but does no damage. x2
Your ufetubus barely misses the snapping turtle.
Your ufetubus hits the snapping turtle but does no damage.
The snapping turtle bites your jackal zombie.
Your jackal zombie is destroyed!
Your ufetubus hits the snapping turtle but does no damage.
Your ufetubus barely misses the snapping turtle.
Aiming: Major Destruction (10% risk of failure)
Press: ? - help, Shift-Dir - straight line, f/p - demonic crawler
Aim: a demonic crawler (ally target)
The bolt of magma hits the demonic crawler!
The demonic crawler is moderately wounded.
The bolt of magma hits your ufetubus!!
Your ufetubus is burned terribly!
You kill your ufetubus!
Your ufetubus disappears in a puff of smoke!
The bolt of magma hits your ufetubus!!
Your ufetubus is burned terribly!
You kill your ufetubus!
Your ufetubus disappears in a puff of smoke!
The demonic crawler hits you but does no damage.
The demonic crawler hits you.
* * * LOW HITPOINT WARNING * * *
The demonic crawler hits you!
* * * LOW HITPOINT WARNING * * *
Your jackal zombie bites the snapping turtle but does no damage.
Your ufetubus hits the snapping turtle but does no damage.
Your ufetubus barely misses the snapping turtle.
Your ynoxinul hits the snapping turtle. The demonic crawler misses you. x2
The demonic crawler hits you!
You die...

__...###########++######
####'##................#
)))'.##......#..#......#
####.##................+
......'................+
#'#####......#..#......#
#.#[[##................#
#.#))#####'#####''######
).#))##.......##@'#
###))##.......##.s##
..#..##.......##..§#
..#'###...<...###5t§#
.....##.......# ##Z35...
.....##.......# ..###+#
#######.......# .##
..#..########## sh
..#.########### ..


You could see a snapping turtle (ally target), a demonic crawler (ally target),
a friendly ynoxinul (summoned), a friendly ufetubus (summoned) and a friendly
jackal zombie.

Vanquished Creatures
  A sea snake (D)
  A small abomination (D)
  2 fire bats (D)
  Edmund (D)
  A floating eye (D)
  2 black bears (D)
  An orc warrior (D)
  Jessica (D)
  An orc wizard (D)
  A gnoll (D)
  2 adders (D)
  An ufetubus (D)
  An adder zombie (D)
  2 orcs (D)
  A ball python (D)
  An endoplasm (D)
  A goblin (D)
  6 jackals (D)
27 creatures vanquished.

Vanquished Creatures (collateral kills)
  A spriggan (D)
  A redback (D)
  An ice beast (D)
  3 orcs (D)
  A jackal (D)
  A ball python (D)
8 creatures vanquished.

Vanquished Creatures (others)
  A sea snake zombie (D)
  A redback zombie (D)
  A spriggan zombie (D)
  An ice beast zombie (D)
  A goblin zombie (D)
  A human zombie (D)
  3 jackal zombies (D)
  An orc zombie (D)
10 creatures vanquished.

Grand Total: 45 creatures vanquished

Notes
Turn   | Place    | Note
-------+----------+-------------------------------------------
     0 | D        | NinjaNoafa the Djinni Necromancer began the quest for the
                  | Orb.
     0 | D        | NinjaNoafa set off with the following spells memorised:
                  | Necrotise, Vampiric Draining, Animate Dead, Agony.
     0 | D        | Reached XP level 1. HP: 15/15 MP: 0/0
    26 | D        | Reached skill level 1 in Fighting
   207 | D        | Found a glowing golden altar of the Shining One.
   207 | D        | Found a glowing silver altar of Zin.
   207 | D        | Found a basalt altar of Yredelemnul.
   207 | D        | Found a shimmering altar of Xom.
   207 | D        | Found an ornate altar of the Wu Jian Council.
   207 | D        | Found a bloodstained altar of Trog.
   207 | D        | Found a sacrificial altar of Ru.
   207 | D        | Found a stormy altar of Qazlal.
   207 | D        | Found an iron altar of Okawaru.
   207 | D        | Found a sparkling altar of Nemelex Xobeh.
   207 | D        | Found a burning altar of Makhleb.
   207 | D        | Found a viscous altar of Jiyva.
   207 | D        | Found a hazy altar of Hepliaklqana.
   207 | D        | Found an opulent altar of Gozag.
   207 | D        | Found a blossoming altar of Fedhas.
   207 | D        | Found a white marble altar of Elyvilon.
   207 | D        | Found a shadowy altar of Dithmenos.
   207 | D        | Found a snail-covered altar of Cheibriados.
   208 | D        | Found a corrupted altar of Lugonu.
   209 | D        | Found a hide-covered altar of Uskayaw.
   209 | D        | Found a broken altar of Ashenzari.
   222 | D        | Became a worshipper of Makhleb the Destroyer
   239 | D        | Reached XP level 2. HP: 22/23 MP: 0/0
   242 | D        | Reached * piety under Makhleb
   246 | D        | Noticed a floating eye
   249 | D        | Paralysed by a floating eye for 2 turns
   252 | D        | Killed a floating eye
   253 | D        | Reached skill level 5 in Fighting
   253 | D        | Reached XP level 3. HP: 25/33 MP: 0/0
   253 | D        | Learned a level 1 spell: Freeze
   253 | D        | Reached XP level 4. HP: 30/39 MP: 0/0
   253 | D        | Reached XP level 5. HP: 33/43 MP: 0/0
   253 | D        | Learned a level 2 spell: Passwall
   344 | D        | Noticed a fire bat
   345 | D        | Reached ** piety under Makhleb
   354 | D        | Killed a fire bat
   355 | D        | Reached XP level 6. HP: 29/51 MP: 0/0
   505 | D        | Noticed Jessica
   506 | D        | Noticed an orc warrior
   507 | D        | Reached *** piety under Makhleb
   513 | D        | Reached **** piety under Makhleb
   514 | D        | Noticed a black bear
   522 | D        | Killed an orc warrior
   523 | D        | Reached XP level 7. HP: 20/59 MP: 0/0
   523 | D        | Learned a level 2 spell: Blink
   527 | D        | Killed Jessica
   527 | D        | Reached ***** piety under Makhleb
   528 | D        | Reached skill level 10 in Spellcasting
   718 | D        | Noticed a sea snake
   722 | D        | Your ally Jessica died
   728 | D        | HP: 1/60 [sea snake (6)]
   732 | D        | Killed a sea snake
   733 | D        | Reached skill level 5 in Dodging
   733 | D        | Reached XP level 8. HP: 22/68 MP: 0/0
   735 | D        | Noticed a spriggan
   738 | D        | Reached skill level 10 in Fighting
   753 | D        | Killed a spriggan
   754 | D        | Reached skill level 5 in Invocations
   757 | D        | Reached XP level 9. HP: 31/75 MP: 0/0
   757 | D        | Learned a level 3 spell: Ozocubu's Armour
   759 | D        | Noticed Edmund
   780 | D        | Killed Edmund
  1116 | D        | Noticed a demonic crawler
  1124 | D        | Noticed a snapping turtle
  1125 | D        | Reached ****** piety under Makhleb
  1138 | D        | HP: 1/76 [demonic crawler (12)]
  1138 | D        | Mangled by a demonic crawler

Illustrated notes

Levels and vault maps discovered:
D:        pitsprint [storerooms_1, entrance_room_1, metal_vault_5, armoury_1,
          mini_pit_1, grid_room_1, main_hall_1, silver_pit, the_coven_3,
          the_vestibule_1, steel_vault_1, golden_pit, hallway_of_sentries,
          crystal_vault_1, iron_vault_3, final_vault]

Skill      XL: |  1  2  3  4  5  6  7  8  9 |
---------------+----------------------------+-----
Fighting       | 1 5 6 8 9 10 11 | 11.0
Spellcasting   | 4 6 8 9 10 11 | 11.3
Dodging        | 5 6 7 |  7.8
Invocations    | 4 5 6 |  6.7
Stealth        | |  1.5

Action                   |  1- 3 |  4- 6 |  7- 9 || total
-------------------------+-------+-------+-------++-------
Melee: Unarmed           |    13 |       |       ||    13
       Quarterstaff      |     3 |    12 |     5 ||    20
       Lajatang          |       |       |     1 ||     1
 Cast: Necrotise         |     8 |     3 |     4 ||    15
       Freeze            |       |    13 |     5 ||    18
       Vampiric Draining |       |     7 |    17 ||    24
       Agony             |       |     3 |     4 ||     7
       Animate Dead      |       |     2 |     3 ||     5
       Blink             |       |       |     1 ||     1
       Ozocubu's Armour  |       |       |     2 ||     2
Invok: Minor Destruction |       |       |     1 ||     1
       Lesser Servant of |       |       |     1 ||     1
       Major Destruction |       |       |     1 ||     1
  Use: Potion            |     2 |     1 |     6 ||     9
 Stab: Sleeping          |     1 |       |     1 ||     2
Armor: Robe              |     3 |     6 |    25 ||    34
Dodge: Dodged            |    21 |    24 |    65 ||   110

Table legend: (Time is in decaauts)
 A = Elapsed time spent in this place.
 B = Non-inter-level travel time spent in this place.
 C = Inter-level travel time spent in this place.
 D = Time resting spent in this place.
 E = Time spent auto-exploring this place.
 F = Levels seen in this place.
 G = Mean time per level.
                   A        B        C        D        E       F      G
               +--------+--------+--------+--------+--------+-----+--------+
         Total |   1153 |   1141 |     12 |    334 |    491 |   1 | 1153.0 |
       Dungeon |   1153 |   1141 |     12 |    334 |    491 |   1 | 1153.0 |
               +--------+--------+--------+--------+--------+-----+--------+

Top non-repeatable levels by time:
       D: 1153 daAuts
